 Dungeon Crawl Stone Soup version 0.32-a0-799-g95e1662365 (webtiles) character file.

Game seed: 12639039052369607841

44100 ezpacito the Fighter (level 14, -9/109 HPs)
             Began as a Coglin Chaos Knight on Mar 21, 2024.
             Was a Plaything of Xom.
             Mangled by a phantasmal warrior (20 damage)
             ... on level 13 of the Dungeon.
             The game lasted 00:20:18 (13978 turns).

ezpacito the Fighter (Coglin Chaos Knight)         Turns: 13978, Time: 00:20:19

Health: -9/109     AC: 24    Str: 20    XL:     14   Next: 27%
Magic:  21/21      EV: 12    Int: 12    God:    Xom [*.....]
Gold:   969        SH:  0    Dex: 21    Spells: 5/23 levels left

rFire   x . .        c - +4 broad axe "Abongoth" {flame, rF- Will+++ rCorr Stlth+}
rCold   + . .        n - +12 dagger "Numa" {protect, Str+4}
rNeg    . . .        M - +8 chain mail of Roruc {Dex+4}
rPois   +            (helmet restricted)
rElec   .            r - +0 cloak
rCorr   +            i - +0 pair of gloves
SInv    .            z - +1 pair of boots
Will    ++...        (amulet unavailable)
Stlth   ++           (ring unavailable)
HPRegen 0.38/turn    (ring unavailable)
MPRegen 0.17/turn    m - pneumatic generator {rC+ Slay+3 Clar RMsl}

%: repel missiles, clarity
@: about to teleport, weak-willed, revving
A: off-hand wielding, slow wielding, warmup strikes, no jewellery, antennae 1,
agile 1, poison resistance, wild magic 1, MP-powered wands
a: Renounce Religion


You were on level 13 of the Dungeon.
You worshipped Xom.
You were a special plaything of Xom.
You visited 2 branches of the dungeon, and saw 14 of its levels.

You collected 1172 gold pieces.
You spent 203 gold pieces at shops.

Inventory:

Hand Weapons
 a - a +2 hand axe of chaos {Shu}
 c - the +4 broad axe "Abongoth" (weapon) {flame, rF- Will+++ rCorr Stlth+}
   (You acquired it on level 10 of the Dungeon)

   rF-:       It makes you vulnerable to fire.
   Will+++:   It greatly increases your willpower.
   rCorr:     It protects you from acid and corrosion.
   Stlth+:    It makes you more stealthy.
 h - a +4 hand axe
 n - the +12 dagger "Numa" (offhand) {protect, Str+4}
   (You found it on level 3 of the Dungeon)

   Str+4:     It affects your strength (+4).
 s - a +0 broad axe
 u - a +2 hammer of holy wrath
 y - a +0 spectral war axe
 V - a +4 spectral trident
Missiles
 o - 4 javelins
 C - 7 boomerangs
 J - 7 poisoned darts (quivered)
 O - 2 datura-tipped darts
 P - a throwing net
 Q - 3 curare-tipped darts
Armour
 i - a +0 pair of gloves (worn)
 r - a +0 cloak (worn)
 z - a +1 pair of boots (worn)
 K - a +0 plate armour
 M - the +8 chain mail of Roruc (worn) {Dex+4}
   (You found it on level 8 of the Dungeon)

   Dex+4:     It affects your dexterity (+4).
Magical Staves
 d - a staff of death
 g - a staff of fire
 x - a staff of air
 T - a staff of alchemy
Gizmo
 m - a pneumatic generator (installed) {rC+ Slay+3 Clar RMsl}
   (You invented it yourself on level 13 of the Dungeon)

   [pneumatic generator]

   Slay+3:    It affects your accuracy & damage with ranged weapons and melee
   (+3).
   rC+:       It protects you from cold.
   Clar:      It protects you from confusion, rage, mesmerisation and fear.
   RMsl:      It protects you from missiles.
Talismans
 A - a beast talisman
 U - a flux talisman
Wands
 v - a wand of paralysis (8)
 F - a wand of polymorph (10)
Scrolls
 k - 2 scrolls of immolation
 l - a scroll of fog
 p - a scroll of enchant weapon
 t - 4 scrolls of teleportation
 w - a scroll of amnesia
 E - a scroll of silence
 G - 4 scrolls of revelation
 N - a scroll of enchant armour
Potions
 b - a potion of brilliance {unknown}
 f - 5 potions of mutation
 j - 2 potions of attraction
 q - 2 potions of curing
Miscellaneous
 e - a phial of floods (inert)


   Skills:
 * Level 9.7 Fighting
 * Level 9.7(10.5) Axes
 + Level 6.0(8.3) Polearms
 - Level 2.0 Throwing
 * Level 8.6 Armour
 * Level 8.5 Dodging
 + Level 5.8 Stealth
 + Level 5.2 Spellcasting
 + Level 3.8 Necromancy
 + Level 6.1 Alchemy
 + Level 7.4 Evocations


You had 5 spell levels left.
You knew the following spells:

 Your Spells              Type           Power      Damage    Failure   Level
a - Sting                 Conj/Alch      52%        1d6       41%         1
b - Mercury Vapours       Alch/Air       26%        N/A       54%         2
c - Olgreb's Toxic Radia  Alch           23%        N/A       75%         4
d - Irradiate             Conj/Alch      6%         3d13      100%        5
e - Death Channel         Necr           8%         N/A       100%        6

Your spell library contained the following spells:

 Spells                   Type           Power      Damage    Failure   Level
 Lesser Beckoning         Tloc           8%         N/A       91%         2
 Call Canine Familiar     Summ           4%         N/A       99%         3
 Gell's Gravitas          Tloc           4%         N/A       99%         3
 Inner Flame              Hex/Fire       4%         N/A       99%         3
 Passwall                 Erth           4%         N/A       99%         3
 Sigil of Binding         Hex            4%         N/A       99%         3
 Teleport Other           Tloc           4%         N/A       99%         3
 Volatile Blastmotes      Fire/Tloc      8%         2d10      99%         3
 Dimensional Bullseye     Hex/Tloc       2%         N/A       100%        4
 Bombard                  Conj/Erth      2%         9d1       100%        6
 Conjure Ball Lightning   Conj/Air       2%         3x3d6     100%        6
 Sculpt Simulacrum        Ice/Alch       6%         N/A       100%        6
 Ozocubu's Refrigeration  Ice            2%         4d7       100%        7
 Discord                  Hex            2%         N/A       100%        8
 Disjunction              Tloc           2%         N/A       100%        8
 Ignition                 Fire           2%         3d3       100%        8
 Polar Vortex             Ice            2%         N/A       100%        9


Dungeon Overview and Level Annotations

Branches:
Dungeon (13/15)            Temple (1/1) D:7            Lair (0/5) D:11
    Orc (0/2) D:11
 Vaults: D:13-14

Altars:
Ashenzari
Cheibriados
Dithmenos
Elyvilon
Fedhas
Gozag
Hepliaklqana
Kikubaaqudgha
Makhleb
Nemelex Xobeh
Okawaru
Qazlal
Ru
Sif Muna
Trog
Uskayaw
Vehumet
Wu Jian
Xom
Yredelemnul
Zin
The Shining One

Shops:
D:2 :   D:4 *   D:5 [   D:8 *   D:9 [


Innate Abilities, Weirdness & Mutations

You can wield a second weapon in your off-hand.
It takes a long time for you to wield or remove held weapons.
Your first few attacks do less damage.
You cannot equip rings or amulets.
You have a pair of small antennae on your head.
You are agile. (Dex +4, Str/Int -1)
Your system is resistant to poisons. (rPois)
Your spells are a little harder to cast, but a little more powerful.
You expend magic power (3 MP) to strengthen your wands.


Message History

The skyshark tail-slaps you.
The skyshark tail-slaps you but does no damage.
The phantasmal warrior hits you!!
Your willpower is stripped away!
You take 41 damage, and have 46/109 hp.
MASSIVE DAMAGE!!
The skyshark attacks as it pursues you! The skyshark bites you!
* * * LOW HITPOINT WARNING * * *
The skyshark enters a blood-rage!
The skyshark barely misses you.
The skyshark tail-slaps you but does no damage.
The phantasmal warrior gestures at you.
The phantasmal warrior blinks!
There is a large open door, spattered with blood here.
You take 14 damage, and have 32/109 hp.
As you read the scroll of teleportation, it crumbles to dust.
You feel strangely unstable.
The skyshark bites you but does no damage.
The skyshark barely misses you.
The skyshark tail-slaps you but does no damage.
The skyshark bites you!
* * * LOW HITPOINT WARNING * * *
The skyshark tail-slaps you!
* * * LOW HITPOINT WARNING * * *
The skyshark barely misses you.
You take 21 damage, and have 11/109 hp.
Okay, then.
The skyshark rages.
The phantasmal warrior hits you but does no damage.
The skyshark bites you.
* * * LOW HITPOINT WARNING * * *
The skyshark barely misses you.
The skyshark tail-slaps you but does no damage.
The phantasmal warrior gestures at you.
The phantasmal warrior blinks!
The phantasmal warrior closely misses you.
The skyshark bites you but does no damage.
The skyshark tail-slaps you but does no damage.
The skyshark misses you. "Get over here!"
The orc knight blinks!
The phantasmal warrior hits you!!
You die...
Xom snickers!

ß.#.ßQ#.ß#..#..........# #..
........)...#..........#####..
............#.................
.........Q..#...[.....###.....
ß.#.ß.#§ß#§.#..........#......
........##'Q#.......#.(#..#...
.......##ß.FW...##..#######... ##
####### #....Wß.#...#..#..#... .#
#..#######@..#......#......
.######...........)......###.....
.....................###......###
######.............o..#........#.
#..######.....#..#..#..#.[#)
#..######.....#######..#####
######.............#..#..#..#..#.
................).....#........#.
.....................###......###


You could see a skyshark (berserk), an orc knight, 2 tengu warriors and 2
phantasmal warriors.

Vanquished Creatures
  A death knight (D:13)
  2 centaur warriors (D:13)
  A hydra (D:13)
  4 two-headed ogres
  An ogre mage (D:13)
  A tengu warrior (D:13)
  3 boulder beetles
  A deep elf pyromancer (D:12)
  2 orc knights (D:13)
  A phantasmal warrior (D:13)
  5 cyclopes
  4 manticores
  3 ugly things
  Maurice (D:9)
  A meliai (D:13)
  2 unseen horrors
  A smoke demon (D:12)
  Jeremiah (D:6)
  3 kobold demonologists (D:13)
  A komodo dragon (D:13)
  An ice devil (D:12)
  3 trolls
  A troll (shapeshifter) (D:12)
  Prince Ribbit (D:6)
  2 hornets
  Sigmund (D:3)
  A slime creature (D:13)
  A spriggan (shapeshifter) (D:13)
  2 shadows
  2 wraiths (D:13)
  5 yaks
  2 wyverns
  A vampire mosquito (D:13)
  A steam dragon (D:8)
  Duvessa (D:7)
  6 water moccasins
  3 black bears
  3 ice beasts
  6 orc warriors
  4 centaurs
  An ogre (D:5)
  A lemure (D:10)
  A phantom (D:6)
  A kobold brigand (D:9)
  5 bullfrogs
  3 scorpions
  Dowan (D:7)
  5 wights (D:9)
  16 killer bees
  9 howler monkeys
  A lava snake (D:9)
  4 crimson imps (D:12)
  Crazy Yiuf (D:3)
  4 hounds
  2 jellies
  A bombardier beetle (D:3)
  2 orc priests
  A gnoll bouda (D:9)
  A sleepcap (D:4)
  2 iguanas
  15 orc wizards
  11 adders
  14 gnolls
  2 shadow imps
  6 white imps
  2 ufetubi (D:6)
  2 ribbon worms
  38 orcs
  6 ball pythons
  11 bats
  6 endoplasms
  5 giant cockroaches
  6 hobgoblins
  6 jackals
  15 kobolds
  3 quokkas
  4 frilled lizards
  5 goblins
  2 rats (D:1)
307 creatures vanquished.

Vanquished Creatures (collateral kills)
  An orc knight (D:13)
  A yak (D:9)
  A water moccasin (D:11)
  An ogre (D:6)
  A kobold brigand (D:9)
  A ribbon worm (D:4)
  An orc (D:9)
  4 kobolds (D:9)
11 creatures vanquished.

Vanquished Creatures (others)
  A kobold brigand (D:9)
  A kobold (D:9)
2 creatures vanquished.

Grand Total: 320 creatures vanquished

Notes
Turn   | Place    | Note
-------+----------+-------------------------------------------
     0 | D:1      | ezpacito the Coglin Chaos Knight began the quest for the
                  | Orb.
     0 | D:1      | Reached XP level 1. HP: 18/18 MP: 1/1
    38 | D:1      | Reached skill level 1 in Dodging
   198 | D:1      | Reached XP level 2. HP: 24/24 MP: 2/2
   199 | D:1      | XOM: silly message
   501 | D:2      | XOM: noise
   507 | D:2      | Reached XP level 3. HP: 29/29 MP: 3/3
   775 | D:2      | Noticed a walking frostbound tome
   777 | D:2      | Found Hoshunigi's Book Shoppe.
   778 | D:2      | Noticed a walking frostbound tome
   793 | D:2      | XOM: silly message
   844 | D:2      | XOM: 5-stop teleportation journey
  1110 | D:2      | Reached XP level 4. HP: 35/35 MP: 4/4
  1276 | D:2      | XOM: give mutation
  1276 | D:2      | Gained mutation: You are partially covered in iridescent
                  | scales. (AC +2) [Xom's mischief]
  1347 | D:3      | XOM: summons friendly crimson imp
  1379 | D:3      | Reached skill level 1 in Stealth
  1395 | D:3      | XOM: give mutation
  1395 | D:3      | Gained mutation: You are agile. (Dex +4, Str/Int -1) [Xom's
                  | mischief]
  1416 | D:3      | Identified the +1 spear of Xowuirha {spect, rN+ Str-5
                  | Dex+2}
  1456 | D:3      | Noticed Sigmund
  1472 | D:3      | Killed Sigmund
  1473 | D:3      | Reached skill level 1 in Polearms
  1473 | D:3      | Reached skill level 1 in Spellcasting
  1473 | D:3      | Reached XP level 5. HP: 32/42 MP: 6/6
  1473 | D:3      | Reached XP level 6. HP: 37/48 MP: 7/7
  1480 | D:3      | Identified the +12 dagger "Numa" {protect, Str+4}
  1823 | D:3      | Found a shimmering altar of Xom.
  1824 | D:3      | Found a hazy altar of Hepliaklqana.
  1825 | D:3      | Noticed a spectral ugly thing
  1829 | D:3      | XOM: cloud trail
  1896 | D:3      | XOM: god gift: scroll labelled HAOPYO BILASM {god gift}
  1925 | D:3      | Found a runed translucent door.
  1926 | D:3      | Noticed Crazy Yiuf
  2089 | D:3      | XOM: cloud trail
  2480 | D:3      | Killed Crazy Yiuf
  2614 | D:4      | XOM: give mutations
  2614 | D:4      | Gained mutation: Your spells are a little harder to cast,
                  | but a little more powerful. [Xom's mischief]
  2614 | D:4      | Gained mutation: You have a pair of small antennae on your
                  | head. [Xom's mischief]
  2614 | D:4      | Gained mutation: Your movements are slightly less
                  | encumbered by armour. (ER -2) [Xom's mischief]
  2660 | D:4      | Found a shimmering blue altar of Sif Muna.
  2670 | D:4      | Reached XP level 7. HP: 54/54 MP: 9/9
  2675 | D:4      | XOM: confusion (+ monsters)
  2680 | D:4      | XOM: summons friendly iron imp
  2788 | D:4      | Found a stormy altar of Qazlal.
  2922 | D:4      | Found a burning altar of Makhleb.
  2987 | D:4      | XOM: 4-stop teleportation journey
  3054 | D:4      | XOM: noise
  3055 | D:4      | XOM: summons 2 friendly demons
  3076 | D:4      | Found a hide-covered altar of Uskayaw.
  3116 | D:4      | XOM: 2-stop teleportation journey
  3261 | D:4      | Found Pynaseeq's Assorted Antiques.
  3265 | D:4      | Bought a fuming sapphire potion for 19 gold pieces
  3265 | D:4      | Bought a scroll labelled HAOPYO BILASM for 22 gold pieces
  3265 | D:4      | Bought a fizzy yellow potion for 19 gold pieces
  3265 | D:4      | Bought a sedimented white potion for 19 gold pieces
  3349 | D:5      | Entered Level 5 of the Dungeon
  3363 | D:5      | Reached XP level 8. HP: 61/61 MP: 10/10
  3530 | D:5      | Learned a level 1 spell: Sting
  3533 | D:5      | Learned a level 2 spell: Mercury Vapours
  3538 | D:5      | Learned a level 4 spell: Olgreb's Toxic Radiance
  3618 | D:5      | Found Etsoit's Armour Shop.
  3628 | D:5      | Reached skill level 5 in Fighting
  3784 | D:5      | Found an iron altar of Okawaru.
  4340 | D:5      | XOM: summons 1 hostile demon
  4361 | D:5      | Found a shadowy altar of Dithmenos.
  4382 | D:5      | Found a bloodstained altar of Trog.
  4383 | D:5      | Found a white marble altar of Elyvilon.
  4431 | D:6      | Reached skill level 1 in Evocations
  4453 | D:6      | Noticed Prince Ribbit
  4462 | D:6      | Killed Prince Ribbit
  4463 | D:6      | Reached skill level 5 in Axes
  4463 | D:6      | Reached skill level 1 in Alchemy
  4507 | D:6      | XOM: summons friendly white imp
  4527 | D:6      | Reached XP level 9. HP: 43/68 MP: 12/12
  4528 | D:6      | XOM: smoke on damage
  4707 | D:6      | Noticed Jeremiah
  4707 | D:6      | XOM: enchant monster (bad)
  4716 | D:6      | XOM: enchant monster (good)
  4724 | D:6      | Killed Jeremiah
  4955 | D:6      | XOM: snakes to sticks
  5257 | D:7      | You fall into a shaft and drop 1 floor!
  5290 | D:7      | Reached skill level 5 in Armour
  5544 | D:7      | Noticed Dowan
  5545 | D:7      | Noticed Duvessa
  5552 | D:7      | Killed Duvessa
  5553 | D:7      | Reached skill level 1 in Throwing
  5557 | D:7      | Killed Dowan
  5596 | D:7      | XOM: noise
  5610 | D:7      | XOM: potion effect (might)
  5740 | D:7      | XOM: noise
  5753 | D:7      | Reached skill level 5 in Dodging
  6139 | D:7      | Reached XP level 10. HP: 76/76 MP: 14/14
  6483 | D:7      | Identified the +6 sling "Zaav Vuf" {heavy, Fly rPois rN+
                  | Str-3}
  6576 | D:7      | XOM: torment (40/77 hp)
  6709 | D:7      | Found a snail-covered altar of Cheibriados.
  6763 | D:7      | XOM: 2-stop teleportation journey
  6772 | D:7      | XOM: 4-stop teleportation journey
  6839 | D:7      | Found a broken altar of Ashenzari.
  6844 | D:7      | XOM: stat loss: -1 Int (10/11)
  6909 | D:7      | Found a staircase to the Ecumenical Temple.
  7067 | Temple   | Entered the Ecumenical Temple
  7199 | D:8      | XOM: god gift: morningstar {god gift}
  7370 | D:8      | Identified the +8 chain mail of Roruc {Dex+4}
  7382 | D:8      | XOM: scenery: create altars
  7624 | D:8      | Found the +18 Lear's hauberk
  7641 | D:8      | Found Haxeh's CLEARANCE SALE!.
  7647 | D:8      | Bought a scroll of enchant armour for 30 gold pieces
  7793 | D:9      | Noticed Maurice
  7927 | D:9      | XOM: god gift: 2 datura-tipped darts
  8117 | D:9      | XOM: enchant monster (good)
  8120 | D:9      | XOM: potion effect (curing)
  8122 | D:9      | XOM: summons 4 friendly demons
  8132 | D:9      | Killed Maurice
  8211 | D:9      | XOM: silly message
  8323 | D:9      | XOM: cleaving
  8375 | D:9      | Found an ancient bone altar of Kikubaaqudgha.
  8461 | D:9      | Found Horphasukh's Antique Armour Emporium.
  8482 | D:9      | Learned a level 5 spell: Irradiate
  8531 | D:9      | XOM: scenery: create altars
  8534 | D:9      | XOM: fog
  8538 | D:9      | XOM: confuse monster(s)
  8874 | D:9      | Bought a pair of gloves for 94 gold pieces
  8901 | D:10     | Entered Level 10 of the Dungeon
  8917 | D:10     | XOM: noise
  8938 | D:10     | Paralysed by a hornet for 1 turns
  8993 | D:10     | Reached XP level 11. HP: 82/84 MP: 16/16
  9114 | D:10     | Found a runed translucent door.
  9115 | D:10     | Noticed a sixfirhy
  9173 | D:10     | XOM: 3-stop teleportation journey
  9569 | D:10     | a sixfirhy changed into a lemure
  9569 | D:10     | XOM: polymorph sixfirhy -> lemure
  9623 | D:10     | Identified a scroll of acquirement
  9623 | D:10     | Acquired the +4 broad axe "Abongoth" {flame, rF- Will+++
                  | rCorr Stlth+}
  9689 | D:11     | Noticed a two-headed ogre
  9694 | D:11     | Killed a two-headed ogre
  9818 | D:11     | XOM: enchant monster (good)
  9820 | D:11     | Found a staircase to the Lair.
  9824 | D:11     | XOM: summons friendly crimson imp
  9825 | D:11     | XOM: enchant monster (good)
  9835 | D:11     | Reached skill level 5 in Evocations
  9921 | D:11     | Noticed a two-headed ogre
  9927 | D:11     | Killed a two-headed ogre
  9940 | D:11     | XOM: 1-stop teleportation journey
  9984 | D:11     | Learned a level 6 spell: Death Channel
  9990 | D:11     | XOM: give mutations
  9990 | D:11     | Gained mutation: You are somewhat resistant to further
                  | mutation. [Xom's grace]
  9990 | D:11     | Gained mutation: Your system is resistant to poisons.
                  | (rPois) [Xom's grace]
 10047 | D:11     | Found a staircase to the Orcish Mines.
 10048 | D:11     | Noticed a manticore
 10053 | D:11     | Killed a manticore
 10169 | D:11     | Noticed a cyclops
 10178 | D:11     | Killed a cyclops
 10426 | D:11     | XOM: noise
 10690 | D:12     | Noticed a boulder beetle
 10696 | D:12     | Noticed a deep elf pyromancer
 10697 | D:12     | XOM: blink monster(s)
 10706 | D:12     | Noticed a purple ugly thing
 10708 | D:12     | Killed a boulder beetle
 10709 | D:12     | Reached skill level 1 in Necromancy
 10717 | D:12     | Killed a purple ugly thing
 10733 | D:12     | Killed a deep elf pyromancer
 10980 | D:12     | Noticed a cyclops
 10987 | D:12     | Killed a cyclops
 11018 | D:12     | XOM: silly message
 11019 | D:12     | XOM: confusion (+ monsters)
 11020 | D:12     | Reached XP level 12. HP: 73/92 MP: 18/18
 11263 | D:12     | Noticed an entropy weaver
 11265 | D:12     | an entropy weaver changed into a troll
 11355 | D:12     | Reached skill level 5 in Polearms
 11404 | D:13     | Noticed a centaur warrior
 11410 | D:13     | Killed a centaur warrior
 11630 | D:13     | Noticed a centaur warrior
 11634 | D:13     | Noticed a boulder beetle
 11635 | D:13     | Killed a centaur warrior
 11642 | D:13     | XOM: chaos upgrade
 11646 | D:13     | XOM: summons friendly ufetubus
 11648 | D:13     | Found an iron altar of Okawaru.
 11649 | D:13     | XOM: summons friendly ufetubus
 11652 | D:13     | Noticed a death knight
 11654 | D:13     | XOM: summons 2 friendly demons
 11661 | D:13     | XOM: enchant monster (good)
 11667 | D:13     | Killed a boulder beetle
 11668 | D:13     | Reached skill level 5 in Alchemy
 11670 | D:13     | Reached skill level 5 in Stealth
 11672 | D:13     | XOM: summons friendly iron imp
 11907 | D:13     | Noticed a boulder beetle
 11910 | D:13     | XOM: polymorph acid dragon -> kobold
 11940 | D:13     | Killed a boulder beetle
 12048 | D:13     | Noticed an ogre mage
 12048 | D:13     | Noticed a two-headed ogre
 12051 | D:13     | Killed an ogre mage
 12053 | D:13     | Killed a two-headed ogre
 12066 | D:13     | Killed a death knight
 12102 | D:13     | Noticed a tengu warrior
 12113 | D:13     | XOM: smoke on damage
 12115 | D:13     | XOM: potion effect (haste)
 12116 | D:13     | Killed a tengu warrior
 12232 | D:13     | Noticed a two-headed ogre
 12237 | D:13     | Killed a two-headed ogre
 12356 | D:13     | Noticed a seven-headed hydra
 12362 | D:13     | Killed a four-headed hydra
 12363 | D:13     | Reached XP level 13. HP: 79/101 MP: 20/20
 12714 | D:13     | XOM: give mutations
 12714 | D:13     | Lost mutation: You are somewhat resistant to further
                  | mutation. [Xom's mischief]
 12714 | D:13     | Lost mutation: Your movements are slightly less encumbered
                  | by armour. (ER -2) [Xom's mischief]
 12714 | D:13     | Lost mutation: You are partially covered in iridescent
                  | scales. (AC +2) [Xom's mischief]
 12714 | D:13     | Gained mutation: You expend magic power (3 MP) to
                  | strengthen your wands. [Xom's mischief]
 12849 | D:13     | XOM: stat loss: -1 Int (11/12)
 13451 | D:13     | Reached skill level 5 in Spellcasting
 13451 | D:13     | Reached XP level 14. HP: 68/108 MP: 21/21
 13508 | D:13     | XOM: polymorph deep elf knight -> komodo dragon
 13510 | D:13     | XOM: silly message
 13749 | D:13     | XOM: polymorph two-headed ogre -> skyshark
 13816 | D:13     | XOM: summons 2 hostile demons
 13920 | D:13     | Acquired a pneumatic generator {rC+ Slay+3 Clar RMsl}
 13953 | D:13     | XOM: summons friendly white imp
 13978 | D:13     | XOM: blink monster(s)
 13978 | D:13     | Mangled by a phantasmal warrior

Illustrated notes

Levels and vault maps discovered:
D:1:      dpeg_arrival_tiny_j, layout_basic, chequers_serial_rivers_micro_b
D:2:      layout_loops_ring, serial_shops, nicolae_shop_mannequins
D:3:      layout_loops_corners, regret_index_temple_of_mockery, serial_forest,
          infiniplex_forest_clump_tiny, infiniplex_forest_clump_large,
          infiniplex_forest_zigzag_2, infiniplex_forest_join,
          infiniplex_forest_fountain, infiniplex_forest_end_2,
          kennysheep_generic_room_5, uniq_sigmund, uniq_crazy_yiuf_cottage
D:4:      layout_loops_cross, nicolae_sif_muna_condensation,
          makhleb_altar_promises_db, pf_just_have_faith,
          eat_drink_and_be_merry_uskayaw, serial_shops,
          nicolae_shop_back_alley_shop, nicolae_nh_ransacked_shop
D:5:      layout_loops_corners, hellmonk_okawaru_the_only_friend_you_need,
          minitemple, serial_shops, shop, serial_glass, glass_columns_c,
          glass_columns_a, glass_columns_a, glass_columns_a, glass_columns_a,
          glass_columns_a, glass_columns_c, glass_columns_a, glass_columns_b,
          glass_columns_a
D:6:      layout_cave_pools, uniq_jeremiah, uniq_prince_ribbit1
D:7:      layout_basic, kennysheep_little_box, mainiacjoe_overflow_alcove_2,
          lemuel_temple_firewalk_b, eino_jars, uniq_duvessa
D:8:      layout_loops_cross, nicolae_shop_clearance
D:9:      layout_big_octagon, nicolae_kikubaaqudgha_miasma_corner, serial_shops,
          nicolae_lakefront_shop, uniq_maurice
D:10:     cheibrodos_shockbox, layout_basic, hex_large
D:11:     layout_loops_ring, due_lair_maze_entry_diamond, orc_0_dummy
D:12:     layout_rooms, grunt_decor_junction, minmay_fire_ice_demons
D:13:     hangedman_cross_cluster, layout_long_grid,
          nicolae_guarded_unrand_lochaber
Temple:   grunt_temple_mini_profane

Skill      XL: |  1  2  3  4  5  6  7  8  9 10 11 12 13 |
---------------+----------------------------------------+-----
Dodging        | 1 2 3 4 5 6 7 8 |  8.5
Armour         | 2 3 4 5 6 7 8 |  8.6
Stealth        | 1 2 3 4 5 |  5.8
Fighting       | 4 5 6 7 8 9 |  9.7
Polearms       | 1 2 3 4 5 6 |  6.0
Spellcasting   | 1 2 3 4 5 |  5.2
Axes           | 4 5 6 7 8 9 |  9.7
Evocations     | 2 3 4 5 6 7 |  7.4
Alchemy        | 1 2 3 4 5 6 |  6.1
Throwing       | 1 2 |  2.0
Necromancy     | 1 3 |  3.8

Action                     |  1- 3 |  4- 6 |  7- 9 | 10-12 | 13-15 || total
---------------------------+-------+-------+-------+-------+-------++-------
  Melee: Hand axe          |    60 |    55 |   187 |   144 |       ||   446
         Dagger            |    21 |    40 |   202 |   325 |    53 ||   641
         Spear             |    39 |    27 |       |       |       ||    66
         Broad axe         |       |       |       |   192 |    54 ||   246
  Throw: Javelin           |       |       |       |     5 |     5 ||    10
         Dart              |       |       |       |       |    13 ||    13
Ability: Invent Gizmo      |       |       |       |       |     1 ||     1
  Evoke: Wand              |       |       |     2 |    15 |     3 ||    20
         Phial of floods   |       |       |       |       |     1 ||     1
    Use: Scroll            |       |       |     6 |    18 |     4 ||    28
         Potion            |       |       |     2 |     9 |     4 ||    15
   Stab: Sleeping          |       |     8 |       |     4 |       ||    12
         Confused          |       |     1 |     1 |     4 |       ||     6
         Paralysed         |       |       |     3 |     4 |     2 ||     9
         Held in net/web   |       |       |     1 |       |       ||     1
         Invisible         |       |       |       |    11 |       ||    11
         Distracted        |       |       |       |       |     1 ||     1
 Armour: Leather armour    |    32 |    22 |    19 |       |       ||    73
         Chain mail        |       |       |   223 |   427 |   150 ||   800
  Dodge: Dodged            |    32 |    30 |   159 |   322 |    73 ||   616

Table legend: (Time is in decaauts)
 A = Elapsed time spent in this place.
 B = Non-inter-level travel time spent in this place.
 C = Inter-level travel time spent in this place.
 D = Time resting spent in this place.
 E = Time spent auto-exploring this place.
 F = Levels seen in this place.
 G = Mean time per level.
                   A        B        C        D        E       F      G
               +--------+--------+--------+--------+--------+-----+--------+
         Total |  14027 |  13230 |    797 |    968 |   9924 |  14 | 1001.9 |
       Dungeon |  14025 |  13229 |    796 |    968 |   9924 |  13 | 1078.8 |
        Temple |      1 |      1 |      0 |      0 |      0 |   1 |    1.0 |
               +--------+--------+--------+--------+--------+-----+--------+

Top non-repeatable levels by time:
    D:13: 2594 daAuts
     D:7: 1684 daAuts
     D:3: 1356 daAuts
     D:5: 1141 daAuts
     D:8: 1000 daAuts
    D:11: 952 daAuts
     D:4: 843 daAuts
     D:9: 832 daAuts
     D:2: 795 daAuts
    D:12: 787 daAuts
     D:6: 780 daAuts
    D:10: 751 daAuts
     D:1: 504 daAuts
  Temple: 1 daAuts
